Match 43593939
Unlisted

Match 43593939
End
Kradschützen Motorcycle Team
Panzergrenadier Squad
Selects Battlefield Espionage Battlegroup
Panzergrenadier Squad
Panzergrenadier Squad
Construct Light Support Kompanie
Selects Intel Disruption Beacon
2.5-tonne Medical Truck
Panzerjäger Mechanized Group
Construct Mechanized Kompanie
Selects 250/3 Funkpanzerwagen
8 Rad Armored Car
Selects Plunder
Panzerjäger Squad
2.5-tonne Medical Truck
Selects Advanced Ambush Training
254 Reconnaissance Tractor
Veteran Squad Leaders
Vehicle Survival Package
♥ ~Lady Rytsu~ ♥
Monsieur Nathan
kappa
TechBee
0
0

Comments sign in to comment!

No comments posted yet!